 Dungeon Crawl Stone Soup version 0.17-a0-1637-g5d65775 (webtiles) character file.

196723 mrath the Severer (level 17, -3/157 HPs)
             Began as a Minotaur Fighter on Aug 6, 2015.
             Was a High Priest of Okawaru.
             Slain by a deep elf blademaster
             ... wielding a cursed -1 rapier
              (7 damage)
             ... on level 3 of the Elven Halls on Aug 8, 2015.
             The game lasted 07:37:50 (47108 turns).

mrath the Severer (Minotaur Fighter)               Turns: 47108, Time: 07:37:51

Health: -3/157     AC: 15    Str: 26    XL:     17   Next: 75%
Magic:  15/22      EV: 25    Int:  5    God:    Okawaru [*****.]
Gold:   1198       SH: 20    Dex: 16    Spells: 0 memorised, 16 levels left

rFire  . . .     SeeInvis .     a - +5 broad axe (freeze)
rCold  + + +     Clarity  .     I - +5 ring mail of the Trilobite {MR+ Dex+7}
rNeg   . . .     SustAt   +     D - +5 shield
rPois  .         Gourm    +     (helmet restricted)
rElec  +         Spirit   .     g - +0 cloak
rCorr  +         Warding  .     N - +1 pair of gloves of Fortitude {+Blink rC+ Regen+ Dex-3}
rMut   .         Stasis   .     H - -5 pair of boots "Pomidaerch" {rC++ MR+++ rCorr Stlth-}
MR     +++++                    y - amulet of the gourmand
Stlth  ..........               T - +3 ring of evasion
                                j - ring "Tuuho" {SustAt *Drain +Inv rElec}

@: about to teleport, heroism, finesse, very slightly contaminated, heavily
drained, invisible, almost entirely resistant to hostile enchantments, extremely
unstealthy
A: retaliatory headbutt, horns 2
a: Heroism, Finesse, Renounce Religion, Evoke Blink
}: 1/15 runes: barnacled


You were on level 3 of the Elven Halls.
You worshipped Okawaru.
Okawaru was extremely pleased with you.
You were very full.

You visited 6 branches of the dungeon, and saw 35 of its levels.

You collected 3500 gold pieces.
You spent 2302 gold pieces at shops.

Inventory:

Hand weapons
 a - a +5 broad axe of freezing (weapon)
 V - a +2 mace of protection
Missiles
 n - 19 poisoned javelins (quivered)
 F - 78 tomahawks
Armour
 g - a +0 cloak (worn)
 D - a +5 shield (worn)
 H - the -5 pair of boots "Pomidaerch" (worn) {rC++ MR+++ rCorr Stlth-}
   (Okawaru gifted it to you on level 15 of the Dungeon)

   It greatly protects you from cold.
   It affects your resistance to hostile enchantments.
   It protects you from acid and corrosion.
   It makes you less stealthy.
 I - the +5 ring mail of the Trilobite (worn) {MR+ Dex+7}
   (You found it on level 6 of the Dungeon)

   It affects your dexterity (+7).
   It affects your resistance to hostile enchantments.
 N - the +1 pair of gloves of Fortitude (worn) {+Blink rC+ Regen+ Dex-3}
   (You bought it in a shop on level 4 of the Orcish Mines)

   It affects your dexterity (-3).
   It protects you from cold.
   It lets you blink.
   It increases your rate of regeneration.
Rods
 k - a +0 rod of ignition (13/13)
   (You found it on level 1 of the Shoals)
Jewellery
 b - an uncursed ring of flight
 j - the ring "Tuuho" (left hand) {SustAt *Drain +Inv rElec}
   (You found it on level 4 of the Shoals)

   [ring of sustain attributes]

   It sustains your strength, intelligence and dexterity.
   It insulates you from electricity.
   It lets you turn invisible.
   It causes draining when unequipped.
 r - an uncursed ring of protection from fire
 x - an uncursed ring of protection from cold
 y - an amulet of the gourmand (around neck)
 T - a +3 ring of evasion (right hand)
 U - an uncursed amulet of stasis
 Y - a +3 ring of slaying
Magical devices
 h - a wand of heal wounds (6)
 p - a wand of hasting (2)
 s - a wand of fireball (6)
 J - a wand of disintegration (9)
 L - a wand of slowing (28)
 R - a wand of paralysis (13)
Scrolls
 d - 5 scrolls of fear
 e - 5 scrolls of recharging
 m - 2 scrolls of blinking
 q - 10 scrolls of remove curse
 z - 4 scrolls of identify
 E - 2 scrolls of silence
 K - 8 scrolls of teleportation
 X - 4 scrolls of fog
Potions
 c - a potion of agility
 f - 2 potions of flight
 l - a potion of haste
 o - 2 potions of curing
 t - 4 potions of lignification
 A - 3 potions of berserk rage
 G - 3 potions of might
 O - a potion of magic
 Q - a potion of cure mutation
Miscellaneous
 u - a disc of storms
 w - a stone of tremors
 M - a phial of floods
 W - a plain deck of wonders {Focus}
 Z - a box of beasts {used: 1}
Comestibles
 i - 10 fruits
 B - 8 chunks of flesh
 C - 4 bread rations
 P - a slice of pizza


   Skills:
 + Level 15.7(17.0) Fighting
 + Level 17.2(18.4) Axes
 + Level 15.8(17.1) Armour
 + Level 14.6(16.0) Dodging
 + Level 15.5(16.8) Shields
 - Level 7.9(5.1) Invocations
 + Level 8.9(6.1) Evocations


You had 16 spell levels left.
You didn't know any spells.

Dungeon Overview and Level Annotations

Branches:
Dungeon (15/15)            Temple (1/1) D:4            Lair (8/8) D:8
 Shoals (4/4) Lair:3       Spider (0/4) Lair:5        Slime (0/6) Lair:8
    Orc (4/4) D:9             Elf (3/3) Orc:4        Vaults (0/5) D:14
 Depths (0/5) D:15

Altars:
Ashenzari
Cheibriados
Dithmenos
Elyvilon
Fedhas
Gozag
Kikubaaqudgha
Makhleb
Nemelex Xobeh
Okawaru
Qazlal
Ru
Sif Muna
Trog
Vehumet
Xom
Yredelemnul
Zin
The Shining One
Beogh
Jiyva

Shops:
D:10 *   D:12 [*}   Orc:4 [[}!   Elf:2 }   Shoals:1 *[([   Shoals:3 [

Portals:
Hell: Lair:8

Annotations:
Lair:8 1 runed door


Innate Abilities, Weirdness & Mutations

You reflexively headbutt those who attack you in melee.
You have a pair of horns on your head.


Message History

The deep elf blademaster hits you but does no damage.
You block the deep elf demonologist's attack.
The deep elf annihilator gestures wildly while chanting.
The deep elf annihilator blinks!
The deep elf annihilator points at you and mumbles some strange words.
The iron shot hits you!
* * * LOW HITPOINT WARNING * * *
The deep elf sorcerer misses you.
A lost soul flickers into view.
A deep elf death mage comes into view. It is wielding a dagger.
The deep elf death mage shouts!
Read which item? (? for menu, Esc to quit)
As you read the scroll of teleportation, it crumbles to dust.
You feel strangely unstable.
The rust devil screeches!
The hellwing gives a chilling moan.
The deep elf sorcerer hits you with a short sword.
* * * LOW HITPOINT WARNING * * *
You block the deep elf blademaster's attack.
The deep elf blademaster hits you with a rapier!
You die...

....... ...e... .§
.e.⌠).. ...#
##ee..e.. ....#
##e?.e....
.....####2e42.....
.......*323e3e4...
.......*eeeee(4...
#...e.e@e#e..#..
##..3ee§## .##
##.3e§## # ##.4##
#..# #..# #..#
#..# #4.#


You could see 2 deep elf blademasters, a cacodemon, a hell beast, 2 deep elf
master archers, a green death, 4 deep elf annihilators, 2 deep elf death magi, 5
deep elf sorcerers, 3 sun demons, 3 deep elf demonologists, 2 deep elf high
priests, a hellwing (wandering), a rust devil (wandering), a blue devil, 2
ynoxinuls, a red devil and a deep elf mage.

Vanquished Creatures
  A sphinx (D:13)
  2 krakens
  Kirke (Shoals:1)
  Ilsuiw (Shoals:4)
  2 fire giants (D:13)
  Donald (Orc:4)
  2 deep elf demonologists
  A stone giant (Orc:3)
  Nessos (Lair:6)
  A salamander stormcaller (D:14)
  An ettin (D:13)
  7 merfolk javelineers (Shoals:4)
  A deep elf high priest (Elf:1)
  7 merfolk impalers
  A fire dragon (Lair:1)
  Josephine (D:15)
  10 hydras
  3 merfolk avatars
  2 ogre magi (D:15)
  A catoblepas (Lair:8)
  2 tengu warriors (D:15)
  17 dancing weapons
  A merfolk aquamancer (Shoals:4)
  7 death yaks
  2 satyrs
  4 orc high priests
  A sun demon (Lair:8)
  20 deep elf knights
  An unseen horror (D:14)
  A giant orange brain (D:13)
  A wizard (Lair:8)
  7 sea snakes
  5 orc knights (Orc:4)
  6 deep elf summoners
  4 harpies
  13 hill giants
  A wolf spider zombie (D:14)
  An orb spider (shapeshifter) (D:13)
  14 deep elf conjurers
  17 ugly things
  6 orc sorcerers
  9 griffons
  2 water nymphs (Shoals:4)
  A sixfirhy (Lair:8)
  5 cyclopes
  9 sirens
  5 black mambas
  8 manticores
  A black mamba (shapeshifter) (D:13)
  A moth of wrath (shapeshifter) (D:15)
  4 elephants (Lair:8)
  Maurice (D:10)
  Joseph (D:9)
  A torpor snail (Lair:4)
  3 gargoyles
  An orange demon (Lair:8)
  An efreet (D:14)
  A smoke demon (Lair:8)
  A kobold demonologist (D:11)
  10 spiny frogs
  4 fire drakes
  12 deep elf priests
  A spriggan druid (Lair:8)
  9 komodo dragons
  A red devil (Lair:8)
  2 tengu conjurers (D:15)
  8 trolls
  19 merfolk
  7 blue devils (Lair:8)
  5 snapping turtles
  4 polar bears
  Grinder (D:5)
  A wolf spider simulacrum (D:15)
  2 two-headed ogres (D:11)
  2 centaur simulacra (D:15)
  8 blink frogs (Lair:7)
  A boulder beetle (Lair:8)
  21 deep elf magi
  3 slime creatures (D:15)
  A shadow (D:12)
  A vampire (D:14)
  5 wraiths
  A trapdoor spider (D:13)
  A spriggan (D:7)
  A hornet zombie (D:14)
  5 wyverns
  80 yaks
  A hog (shapeshifter) (D:13)
  7 vampire mosquitoes
  2 water elementals
  4 basilisks
  4 hungry ghosts
  7 hippogriffs
  23 deep elf fighters
  4 hogs (Shoals:1)
  3 wargs
  3 mottled dragons
  12 water moccasins
  16 wolves
  A hell hound (Lair:8)
  9 porcupines
  Duvessa (D:7)
  21 orc warriors
  5 ice beasts
  5 black bears
  2 phantoms
  2 sky beasts
  A necrophage (D:11)
  3 boggarts (D:15)
  9 ogres
  15 crocodiles
  8 centaurs
  Blork the orc (D:5)
  3 big kobolds
  A gnoll sergeant (D:10)
  2 wyvern zombies
  Dowan (D:7)
  26 giant frogs
  3 electric eels
  9 scorpions
  8 wights
  12 killer bees
  A centaur zombie (D:5)
  8 crimson imps
  31 orc priests
  2 jellies
  Crazy Yiuf (D:4)
  7 centaur skeletons
  2 giant frog zombies
  8 hounds
  4 giant frog skeletons
  A wyvern simulacrum (D:14)
  30 orc wizards
  Natasha (thrice) (D:4)
  11 iguanas
  5 worker ants
  16 sheep
  A killer bee zombie (D:6)
  A hound skeleton (D:8)
  2 hound zombies (D:11)
  Robin (D:2)
  10 gnolls
  6 shadow imps
  12 adders
  88 river rats
  4 white imps (D:15)
  3 ufetubi (D:15)
  3 oozes
  3 adder skeletons
  2 worms (Lair:4)
  209 orcs
  9 bats
  12 hobgoblins
  2 jackals (D:1)
  3 giant cockroaches
  6 giant geckos
  4 giant newts
  12 goblins
  A hobgoblin zombie (D:5)
  22 kobolds
  6 quokkas
  A quokka zombie (D:6)
  2 rats (D:3)
  A rat zombie (D:5)
  3 bushes (Lair:8)
  A fire vortex (D:14)
  13 fungi
  19 plants
  5 tentacles (Shoals:2)
  3 tentacle segments (Shoals:4)
1283 creatures vanquished.

Vanquished Creatures (others)
  A troll (D:14)
  2 orc priests (Orc:4)
  An orc wizard (Orc:4)
  26 fungi
  9 plants
  16 tentacles
  602 tentacle segments
657 creatures vanquished.

Grand Total: 1940 creatures vanquished

Notes
Turn   | Place    | Note
--------------------------------------------------------------
     0 | D:1      | mrath the Minotaur Fighter began the quest for the Orb.
     0 | D:1      | Reached XP level 1. HP: 19/19 MP: 0/0
   252 | D:1      | Reached XP level 2. HP: 26/26 MP: 1/1
   298 | D:1      | Found a shimmering altar of Xom.
   624 | D:1      | Reached skill level 4 in Axes
  1193 | D:2      | Noticed Robin
  1215 | D:2      | Reached XP level 3. HP: 31/31 MP: 2/2
  1233 | D:2      | Killed Robin
  1416 | D:2      | Reached skill level 5 in Axes
  1740 | D:3      | Reached XP level 4. HP: 39/39 MP: 3/3
  1943 | D:3      | Reached skill level 6 in Axes
  2120 | D:3      | Reached XP level 5. HP: 43/45 MP: 4/4
  2507 | D:4      | Found a staircase to the Ecumenical Temple.
  2534 | Temple   | Entered the Ecumenical Temple
  2760 | D:4      | Noticed Natasha
  2774 | D:4      | Killed Natasha
  2807 | D:4      | Noticed Natasha
  2810 | D:4      | Killed Natasha
  2810 | D:4      | Reached skill level 7 in Axes
  3125 | D:4      | Reached XP level 6. HP: 44/51 MP: 5/5
  3190 | D:4      | Noticed Crazy Yiuf
  3195 | D:4      | Killed Crazy Yiuf
  3295 | D:4      | Reached skill level 8 in Axes
  3313 | D:4      | Noticed Natasha
  3316 | D:4      | Killed Natasha
  3740 | D:5      | Entered Level 5 of the Dungeon
  3972 | D:5      | Noticed Grinder
  4146 | D:5      | Noticed Blork the orc
  4151 | D:5      | Killed Blork the orc
  4151 | D:5      | Reached skill level 9 in Axes
  4151 | D:5      | Reached XP level 7. HP: 58/58 MP: 6/6
  4186 | D:5      | Found a snail-covered altar of Cheibriados.
  4404 | D:5      | Reached skill level 1 in Dodging
  4535 | D:5      | Paralysed by Grinder for 5 turns
  4558 | D:5      | Paralysed by Grinder for 3 turns
  4567 | D:5      | Killed Grinder
  5206 | D:5      | Reached XP level 8. HP: 21/67 MP: 7/7
  5615 | D:6      | Reached skill level 5 in Armour
  5615 | D:6      | Reached skill level 5 in Shields
  5779 | D:6      | Got a warped ring mail
  5817 | D:6      | Identified the +5 ring mail of the Trilobite {MR+ Dex+7} (You found it on level 6 of the Dungeon)
  5921 | D:6      | Reached skill level 5 in Fighting
  6367 | D:6      | Reached skill level 10 in Axes
  6673 | D:6      | Found a white marble altar of Elyvilon.
  6673 | D:6      | Found an iron altar of Okawaru.
  6679 | D:6      | Became a worshipper of Warmaster Okawaru
  6793 | D:7      | Noticed Duvessa
  6793 | D:7      | Noticed Dowan
  6807 | D:7      | Killed Duvessa
  6812 | D:7      | Killed Dowan
  6914 | D:7      | Reached XP level 9. HP: 75/75 MP: 8/8
  7646 | D:8      | Acquired Okawaru's first power
  7757 | D:8      | Reached skill level 5 in Dodging
  8127 | D:8      | Found a staircase to the Lair.
  8129 | D:8      | Noticed a komodo dragon
  8166 | D:8      | Killed a komodo dragon
  8437 | D:9      | Found a staircase to the Orcish Mines.
  8491 | D:9      | Noticed Joseph
  8507 | D:9      | Killed Joseph
  8507 | D:9      | Reached skill level 11 in Axes
  8820 | D:9      | Reached XP level 10. HP: 58/86 MP: 9/9
  9352 | D:10     | Entered Level 10 of the Dungeon
  9413 | D:10     | Noticed a hill giant
  9426 | D:10     | Killed a hill giant
  9622 | D:10     | Noticed a hill giant
  9638 | D:10     | Killed a hill giant
  9670 | D:10     | Noticed Maurice
  9856 | Lair:1   | Entered Level 1 of the Lair of Beasts
 10441 | Lair:1   | Reached skill level 12 in Axes
 10700 | Lair:1   | Noticed a four-headed hydra
 10708 | Lair:1   | Killed a four-headed hydra
 10708 | Lair:1   | Reached skill level 1 in Invocations
 10708 | Lair:1   | Reached XP level 11. HP: 97/97 MP: 7/10
 11217 | Lair:1   | Noticed a fire dragon
 11233 | Lair:1   | Killed a fire dragon
 11636 | Lair:1   | Acquired Okawaru's second power
 12022 | Lair:2   | Noticed a five-headed hydra
 12029 | Lair:2   | Killed a five-headed hydra
 12540 | Lair:3   | Noticed a six-headed hydra
 12552 | Lair:3   | Killed a six-headed hydra
 12723 | Lair:3   | Found a staircase to the Shoals.
 13032 | Lair:3   | Reached skill level 10 in Fighting
 13286 | Lair:3   | Reached skill level 10 in Shields
 13326 | Lair:3   | Reached skill level 10 in Armour
 13432 | Lair:3   | Received a gift from Okawaru
 13554 | Lair:3   | Reached XP level 12. HP: 106/106 MP: 13/13
 14575 | Lair:4   | Noticed a five-headed hydra
 14611 | Lair:4   | Killed a five-headed hydra
 14611 | Lair:4   | Reached skill level 13 in Axes
 15510 | Lair:5   | Received a gift from Okawaru
 15510 | Lair:5   | Reached skill level 5 in Invocations
 15885 | Lair:5   | Found a hole to the Spider Nest.
 16243 | Lair:6   | Received a gift from Okawaru
 16247 | Lair:6   | Reached skill level 10 in Dodging
 16270 | Lair:6   | Noticed a seven-headed hydra
 16309 | Lair:6   | Noticed Nessos
 16343 | Lair:6   | Killed Nessos
 16655 | Lair:6   | Killed a seven-headed hydra
 17080 | Lair:6   | Reached XP level 13. HP: 103/116 MP: 16/16
 17327 | Lair:6   | Upgraded the game from 0.17-a0-1636-g3119f2b to 0.17-a0-1637-g5d65775
 17495 | Lair:3   | Received a gift from Okawaru
 17835 | Lair:7   | Found a shattered altar of Ashenzari.
 18156 | Lair:7   | Got a shimmering robe
 18351 | Lair:7   | Reached skill level 1 in Evocations
 19263 | Lair:2   | Identified the +2 robe of Greed {rF+ MR+} (You found it on level 7 of the Lair of Beasts)
 19404 | Lair:8   | Entered Level 8 of the Lair of Beasts
 19722 | Lair:8   | Reached skill level 14 in Axes
 19797 | Lair:8   | Found a runed door.
 19891 | Lair:8   | Found a viscous altar of Jiyva.
 19892 | Lair:8   | Found a staircase to the Slime Pits.
 20133 | Lair:8   | Received a gift from Okawaru
 20779 | Lair:8   | Paralysed by something for 4 turns
 20889 | Lair:8   | Found a burning altar of Makhleb.
 21102 | Lair:8   | Reached XP level 14. HP: 126/126 MP: 18/18
 21106 | Lair:8   | Found a gateway to Hell.
 22041 | Lair:8   | Noticed an azure jelly
 22792 | Orc:1    | Entered Level 1 of the Orcish Mines
 24236 | Orc:3    | Received a gift from Okawaru
 25573 | Orc:4    | Entered Level 4 of the Orcish Mines
 25798 | Orc:4    | Found a roughly hewn altar of Beogh.
 26160 | Orc:4    | Noticed Donald
 26185 | Orc:4    | Killed Donald
 26919 | Orc:4    | Found a staircase to the Elven Halls.
 27099 | Orc:4    | Found Dugratha's Armour Emporium.
 27099 | Orc:4    | Found Punok's Antique Armour Boutique.
 27107 | Orc:4    | Found Lefipec's Distillery.
 27107 | Orc:4    | Found Ivijeeph's Gadget Boutique.
 27221 | Orc:4    | Bought the +5 scale mail of Wodocluk {rElec rF+ rC+ Str+3} for 822 gold pieces
 27221 | Orc:4    | Bought the +1 pair of gloves of Fortitude {+Blink rC+ Regen+ Dex-3} for 314 gold pieces
 27225 | Orc:4    | Bought 2 potions of heal wounds for 130 gold pieces
 27606 | D:10     | Noticed a hill giant
 27612 | D:10     | Killed a hill giant
 27679 | D:10     | Found Fuimutorch's General Store.
 28007 | D:10     | Killed Maurice
 28281 | D:11     | Reached skill level 15 in Axes
 29622 | D:12     | Found Larimonn's Assorted Antiques.
 29681 | D:12     | Bought a pair of runed boots for 81 gold pieces
 29681 | D:12     | Bought a scroll of identify for 36 gold pieces
 29681 | D:12     | Bought a scroll of enchant weapon for 135 gold pieces
 29766 | D:12     | Found an iron altar of Okawaru.
 29782 | D:12     | Found Cawed's Gadget Shop.
 30237 | D:12     | Reached XP level 15. HP: 136/136 MP: 17/19
 30310 | D:12     | Found Miym's Armour Boutique.
 30772 | D:12     | Reached skill level 5 in Evocations
 32087 | D:13     | Noticed a sphinx
 32098 | D:13     | Killed a sphinx
 32130 | D:13     | Identified the Reference Book on Conjuration
 32161 | D:13     | Got an ichor-stained scale mail
 32172 | D:13     | Identified the cursed +0 scale mail of the Sailor {*Corrode Str+5} (You found it on level 13 of the Dungeon)
 32715 | D:14     | Received a gift from Okawaru
 32812 | D:14     | Found a gate to the Vaults.
 34309 | D:15     | Entered Level 15 of the Dungeon
 34671 | D:15     | Noticed Josephine
 34705 | D:15     | Killed Josephine
 35664 | D:15     | Received a gift from Okawaru
 35665 | D:15     | Got a pair of spiked boots {god gift}
 35676 | D:15     | Identified the -5 pair of boots "Pomidaerch" {rC++ MR+++ rCorr Stlth-} (Okawaru gifted it to you on level 15 of the Dungeon)
 35755 | D:15     | Found a staircase to the Depths.
 36113 | D:15     | Reached XP level 16. HP: 142/146 MP: 20/20
 36676 | Elf:1    | Entered Level 1 of the Elven Halls
 36966 | Elf:1    | Reached skill level 16 in Axes
 38290 | Elf:1    | Noticed a Shadow Fiend
 38587 | Elf:2    | Found Elyef's Gadget Emporium.
 38649 | Elf:2    | Found a runed gate.
 38649 | Elf:2    | Found a runed gate.
 38650 | Elf:2    | Found a runed gate.
 39473 | Elf:2    | HP: 3/147 [bardiche of draining (19)]
 39473 | Elf:2    | HP: 1/147 [bardiche of draining (2)]
 39872 | Orc:4    | Bought a wand of heal wounds (4) for 672 gold pieces
 40209 | Shoals:1 | Entered Level 1 of the Shoals
 40214 | Shoals:1 | Noticed Kirke
 40227 | Shoals:1 | Killed Kirke
 40849 | Shoals:1 | Found Meoqi's General Store.
 40929 | Shoals:1 | Bought a scroll of enchant armour for 112 gold pieces
 40996 | Shoals:1 | Found Betacoes's Armour Boutique.
 41015 | Shoals:1 | Found Goudy's Antique Weapon Shoppe.
 41131 | Shoals:1 | Identified a +0 rod of ignition (13/13) (You found it on level 1 of the Shoals)
 41159 | Shoals:1 | Found Tidgh's Antique Armour Shoppe.
 41289 | Shoals:1 | Received a gift from Okawaru
 41636 | Shoals:2 | Reached skill level 15 in Armour
 42381 | Shoals:2 | Reached XP level 17. HP: 154/154 MP: 22/22
 42396 | Shoals:2 | Reached skill level 15 in Fighting
 42986 | Shoals:3 | Found Ydwareib's Armour Shoppe.
 43323 | Shoals:3 | Reached skill level 15 in Shields
 43459 | Shoals:4 | Entered Level 4 of the Shoals
 43660 | Shoals:4 | Noticed Ilsuiw
 43685 | Shoals:4 | Killed Ilsuiw
 44046 | Shoals:4 | Received a gift from Okawaru
 44047 | Shoals:4 | Got a distressingly furry scale mail {god gift}
 44073 | Shoals:4 | Identified the +4 scale mail of Buypsil {rElec} (Okawaru gifted it to you on level 4 of the Shoals)
 44290 | Shoals:4 | HP: 7/156 [satyr/arrow (10)]
 44703 | Shoals:4 | Got a barnacled rune of Zot
 44901 | Shoals:4 | Reached skill level 17 in Axes
 45145 | Shoals:4 | Got a faintly glowing granite ring
 45392 | Lair:2   | Identified the ring "Tuuho" {SustAt *Drain +Inv rElec} (You found it on level 4 of the Shoals)
 46426 | Elf:3    | Entered Level 3 of the Elven Halls
 47108 | Elf:3    | HP: 4/157 [deep elf sorcerer/short sword (5)]
 47108 | Elf:3    | Slain by a deep elf blademaster

Vault maps used:
D:1:      dpeg_arrival_ternary, xom_teletrap_fun
D:2:      st_stairs_10, serial_bayou_crossing, uniq_robin
D:4:      minmay_temple_entry_statues_fountains, uniq_natasha,
          uniq_crazy_yiuf_cottage
D:5:      kennysheep_mini_moat, first_bread, enter_ossuary_3,
          uniq_blork_the_orc, uniq_grinder
D:6:      gammafunk_temple_overflow_statue
D:7:      hex_medium, the_bakery, minmay_misc_feat_tiny,
          minmay_unpleasant_kobolds, uniq_duvessa
D:8:      david_lair_shrubbed
D:9:      orc_0_dummy, kennysheep_diamond, uniq_joseph
D:10:     serial_shops, kennysheep_little_box, uniq_maurice
D:11:     serial_glass, glass_columns_a, glass_columns_b
D:12:     serial_shops, shop_fountains, nicolae_shop_overgrown_old_shop,
          nicolae_shop_waterfront, okawaru_ov_weapons_minmay
D:13:     minmay_octo_star
D:14:     erik_vaults_1
D:15:     hangedman_depths_entry_civil_slaughter, serial_ice, serial_ice_d,
          serial_ice_o, serial_ice_f, serial_ice_e, serial_ice_h, serial_ice_n,
          serial_ice_l, serial_ice_g, serial_ice_c, serial_ice_m,
          hangedman_decor_growths, uniq_josephine
Temple:   lightli_temple_of_artemis
Lair:1:   dragon1_lemuel, infiniplex_staircase_pool, grunt_megastairs_2
Lair:2:   grunt_megastairs_3
Lair:3:   minmay_shoals_entry_centaurs, lab_entry_generic, lemuel_fruit_tree
Lair:4:   worms_lemuel
Lair:5:   spider_nest_entry_web_field
Lair:6:   uniq_nessos
Lair:7:   basic_altar
Lair:8:   evil_forest, slime_altar_2, kilobyte_rumbling_trees
Shoals:1: serial_shops, shop, shop, nicolae_shop_window_shopping,
          nicolae_shop_behind_doors, nicolae_shoals_stone_sculpture_thing,
          uniq_kirke
Shoals:2: nicolae_shoals_kraken_intersection
Shoals:3: nicolae_shoals_c_island
Shoals:4: shoals_end_simple, shoals_ilsuiw_alternative,
          nicolae_shoals_isolated_beach
Orc:1:    portal_ice_cave_entry_animals_and_master
Orc:3:    nicolae_orc_pool_cavern
Orc:4:    grunt_orc_tribal_feast, basic_altar, minmay_orc_keep, uniq_donald
Elf:1:    eino_elf_arrival_the_gate, kennysheep_underground_church
Elf:2:    serial_shops, shop, st_stairs_10
Elf:3:    minmay_elf_hall_dome

Action                   |  1- 3 |  4- 6 |  7- 9 | 10-12 | 13-15 | 16-18 || total
-------------------------+-------+-------+-------+-------+-------+-------++-------
Melee: War axe           |    88 |   135 |   316 |   494 |   653 |       ||  1686
       Mace              |       |       |       |    50 |    55 |       ||   105
       Battleaxe         |       |       |       |    41 |       |       ||    41
       Broad axe         |       |       |       |       |   849 |   817 ||  1666
       Trident           |       |       |       |       |   117 |       ||   117
       Hand axe          |       |       |       |       |    10 |       ||    10
 Fire: Hunting sling     |       |       |       |     2 |       |       ||     2
Throw: Tomahawk          |       |       |    45 |    15 |   171 |    23 ||   254
       Javelin           |       |       |    11 |    63 |    52 |     1 ||   127
       Stone             |       |       |       |     1 |       |       ||     1
Invok: Heroism           |       |       |       |    12 |    19 |     8 ||    39
       Finesse           |       |       |       |       |    13 |     4 ||    17
 Abil: Evoke Blink       |       |       |       |       |       |     1 ||     1
Evoke: Wand              |       |       |       |       |     2 |     9 ||    11
       Disc of storms    |       |       |       |       |     1 |     1 ||     2
       Box of beasts     |       |       |       |       |     1 |       ||     1
  Use: Scroll            |       |    13 |     2 |    10 |    18 |    12 ||    55
       Potion            |       |     2 |     2 |     2 |     1 |    12 ||    19
 Stab: Sleeping          |       |       |       |     1 |     3 |       ||     4
       Invisible         |       |       |       |       |       |     1 ||     1
  Eat: Fruit             |     1 |     1 |     6 |     4 |     3 |     1 ||    16
       Chunk             |     1 |     3 |     9 |    11 |    70 |    29 ||   123
       Beef jerky        |     1 |       |     1 |     3 |     1 |     1 ||     7
       Pizza             |       |     2 |       |       |       |     2 ||     4
       Royal jelly       |       |       |       |     2 |       |       ||     2
       Bread ration      |       |       |       |     1 |       |     1 ||     2
       Meat ration       |       |       |       |       |     1 |       ||     1
